 Dungeon Crawl Stone Soup version 0.17.3-4-g93a25c67f4 (webtiles) character file.

280 WanderinGondola the Skirmisher (level 6, -2/51 HPs)
             Began as a Mummy Monk on Feb 24, 2024.
             Slain by an apprentice kobold demonologist
             ... wielding a +4 dagger
              (3 damage)
             ... in a sewer.
             The game lasted 00:07:56 (5107 turns).

WanderinGondola the Skirmisher (Mummy Monk)         Turns: 5107, Time: 00:07:56

Health: -2/51      AC:  2    Str: 14    XL:     6   Next: 5%
Magic:  6/6        EV: 13    Int: 10    God:
Gold:   144        SH:  0    Dex: 16    Spells: 0 memorised, 5 levels left

rFire  . . .     SeeInvis .       - Unarmed
rCold  + . .     Clarity  .     (no armour)
rNeg   + + +     SustAt   .     (no shield)
rPois  ∞         Gourm    .     (no helmet)
rElec  .         Spirit   .     (no cloak)
rCorr  .         Warding  .     g - +1 pair of gloves
rMut   .         Stasis   .     (no boots)
MR     .....                    (no amulet)
Stlth  +.........               b - ring of protection from fire
                                h - ring of loudness (curse)

@: not resistant to hostile enchantments, very unstealthy
A: no food or potions, fire vulnerability, cold resistance 1, negative energy
resistance 3, torment resistance, unbreathing
a: no special abilities


You were in a sewer.
You were not hungry.

You visited 1 branch of the dungeon, and saw 4 of its levels.
You also visited: Sewer.

You collected 144 gold pieces.


Innate Abilities, Weirdness & Mutations

You do not eat or drink.
Your flesh is vulnerable to fire.
You are immune to poison.
Your flesh is cold resistant.
You are immune to negative energy.
You are immune to unholy pain and torment.
You can survive without breathing.


   Skills:
 - Level 5.1 Fighting
 + Level 2.4 Dodging
 - Level 1.5 Stealth
 - Level 5.0 Unarmed Combat


You had 5 spell levels left.
You didn't know any spells.

Inventory:

Armour
 g - a +1 pair of gloves (worn)
Jewellery
 b - a ring of protection from fire (right hand)
 d - an uncursed ring of stealth
 h - a cursed ring of loudness (left hand)
Scrolls
 a - a scroll of magic mapping
 c - 2 scrolls of fear
 e - 3 scrolls of remove curse
 f - a scroll of immolation {!r}

Dungeon Overview and Level Annotations

Branches:
Dungeon (4/15)
 Temple: D:4-7

Altars:
Elyvilon

Annotations:
D:3 exclusion: orc wizard
D:4 exclusion: ogre

▒▒▒▒▒▒▒▒▒▒▒▒▒▒▒▒▒▒▒▒▒▒
▒≈≈≈▒≈≈≈≈≈≈≈≈≈≈≈≈≈≈≈▒≈
▒≈.≈...≈≈≈≈≈≈≈≈≈≈≈≈≈≈.
▒...▒≈.≈≈≈≈≈≈≈≈≈≈≈≈≈▒. ▒!.!▒
▒▒.▒▒▒▒▒▒▒▒▒▒▒▒▒▒▒▒▒▒▒
▒▒.K.▒▒▒≈).K..≈≈≈≈≈≈≈≈≈≈≈≈≈▒)
▒.....▒▒≈≈.▒M5≈≈≈≈≈≈≈≈≈≈≈≈≈▒.
▒.≈≈≈. ▒≈≈(▒5≈≈≈≈≈≈≈≈≈≈≈≈≈≈▒.
▒..... ▒≈≈!▒.≈≈≈≈≈≈≈≈≈≈≈≈≈≈▒.
▒'''▒ ▒≈≈.▒.(≈≈≈≈≈≈≈≈≈≈≈≈≈▒.
▒▒...▒▒▒≈..▒.(.≈≈≈≈≈≈≈≈≈≈≈ ▒.
.▒▒..#..▒▒▒.▒▒▒▒(▒≈▒▒▒≈≈▒≈▒▒▒▒▒
≈.'.#.....▒K.≈▒≈≈(≈...)......≈▒.
≈.'..._.#.'..≈≈≈≈≈.≈≈≈≈≈≈≈≈≈≈.).
≈.'.#.....▒...▒≈≈............≈▒.


You could see an apprentice kobold demonologist, a white imp and a shadow imp.


Message History

* * * don't die
* * * You take 3 damage, and have 13/51 hp!
Unknown command!
You squash the apprentice kobold demonologist like an ant!
The apprentice kobold demonologist is severely wounded!
The shadow imp hits you! * * * don't die
* * * The white imp gestures at you!
The puff of frost hits you!!! You resist! * * * don't die
* * * The apprentice kobold demonologist hits you with an enchanted dagger! * * * don't die
* * * You take 7 damage, and have 6/51 hp!
You completely miss the apprentice kobold demonologist!
The apprentice kobold demonologist is severely wounded!
The shadow imp barely misses you! The white imp hits you! * * * don't die
* * * The white imp freezes you!
You resist! * * * don't die
* * * You take 5 damage, and have 1/51 hp!
Unknown command!
You pulverise the apprentice kobold demonologist!
The apprentice kobold demonologist is severely wounded!
The apprentice kobold demonologist closely misses you!
The shadow imp gestures at you!
You struggle to resist!
The white imp closely misses you!
You closely miss the apprentice kobold demonologist!
The apprentice kobold demonologist is severely wounded!
The apprentice kobold demonologist hits you with an enchanted dagger! rip

Action                   |  1- 3 |  4- 6 || total
-------------------------+-------+-------++-------
Melee: Unarmed           |   168 |   209 ||   377
  Use: Scroll            |     6 |       ||     6
 Stab: Sleeping          |     8 |     1 ||     9
       Distracted        |     1 |       ||     1

Vault maps used:
D:1:      lightli_iron_boxes, serial_bayou_ford_a
D:2:      first_bread
D:3:      elyvilon_altar_5
D:4:      temple_doors_b, gup_sewer_entry_bubbles, uniq_duvessa, uniq_grinder
Sewer:    kennysheep_sewer_church

Notes
Turn   | Place    | Note
--------------------------------------------------------------
     0 | D:1      | WanderinGondola the Mummy Monk began the quest for the Orb.
     0 | D:1      | Reached XP level 1. HP: 18/18 MP: 1/1
   446 | D:1      | Reached XP level 2. HP: 24/24 MP: 2/2
  1041 | D:2      | Reached skill level 4 in Unarmed Combat
  1245 | D:2      | Reached XP level 3. HP: 6/29 MP: 3/3
  1726 | D:3      | Found a white marble altar of Elyvilon.
  3398 | D:3      | Reached XP level 4. HP: 28/35 MP: 4/4
  3609 | D:4      | Noticed an ogre
  3792 | D:4      | Reached skill level 5 in Unarmed Combat
  3834 | D:4      | Found a glowing drain.
  3872 | Sewer    | Entered a sewer
  4233 | Sewer    | Reached XP level 5. HP: 37/42 MP: 5/5
  4298 | Sewer    | Reached skill level 4 in Fighting
  4764 | Sewer    | Noticed a big kobold
  4798 | Sewer    | Killed a big kobold
  4798 | Sewer    | Reached skill level 5 in Fighting
  4798 | Sewer    | Reached XP level 6. HP: 22/51 MP: 6/6
  5025 | Sewer    | Found a burning altar of Makhleb.
  5071 | Sewer    | Noticed an apprentice kobold demonologist
  5105 | Sewer    | HP: 2/51 [white imp[an apprentice kobold demonologist] (4)]
  5107 | Sewer    | Slain by an apprentice kobold demonologist

Vanquished Creatures
  A big kobold (Sewer)
  4 big kobold zombies (Sewer)
  3 adders
  2 shadow imps (Sewer)
  2 river rats (D:4)
  2 worms
  3 giant geckos
  3 orcs (D:3)
  5 bats
  4 giant cockroaches
  8 goblins
  7 hobgoblins
  2 quokkas
  2 ball pythons
  A giant cockroach zombie (Sewer)
  2 giant newts
  8 jackals
  18 kobolds
  9 rats
86 creatures vanquished.

Vanquished Creatures (others)
  A big kobold zombie (Sewer)
  2 oozes (Sewer)
  A giant cockroach (Sewer)
4 creatures vanquished.

Grand Total: 90 creatures vanquished
